 Dungeon Crawl Stone Soup version 0.27-a0-765-ge4d627daa3 (webtiles) character file.

Game seed: 10651653481106656462

548 Grognak the Cudgeller (level 7, -3/61 HPs)
             Began as a Minotaur Fighter on Mar 25, 2021.
             Succumbed to a scorpion's poison
             ... on level 5 of the Dungeon.
             The game lasted 00:06:51 (3842 turns).

Grognak the Cudgeller (Minotaur Fighter)            Turns: 3842, Time: 00:06:52

Health: -3/61      AC: 10    Str: 20    XL:     7   Next: 7%
Magic:  6/6        EV:  5    Int:  5    God:
Gold:   248        SH: 11    Dex: 12    Spells: 6/6 levels left

rFire    . . .     SeeInvis .   a - +0 flail
rCold    . . .     Faith    .   c - +1 kite shield
rNeg     + . .     Spirit   .   g - +0 chain mail
rPois    .         Reflect  .   (helmet restricted)
rElec    .         Harm     .   (no cloak)
rCorr    .         Rampage  .   (no gloves)
Will     .....                  (no boots)
Stlth    ..........             (no amulet)
HPRegen  0.20/turn              k - ring of positive energy
MPRegen  0.10/turn              (no ring)

@: mighty, lethally poisoned (-3 -> -19)
A: horns 2, retaliatory headbutt
a: no special abilities


You were on level 5 of the Dungeon.
You visited 1 branch of the dungeon, and saw 5 of its levels.

You collected 248 gold pieces.

Inventory:

Hand Weapons
 a - a +0 flail (weapon)
Armour
 c - a +1 kite shield (worn)
 g - a +0 chain mail (worn)
Jewellery
 k - a ring of positive energy (right hand)
Wands
 f - a wand of acid (8)
Scrolls
 e - a scroll of vulnerability
 h - a scroll of teleportation
 i - 2 scrolls of identify
 l - a scroll of enchant armour
Potions
 j - a potion of lignification {unknown}


   Skills:
 * Level 5.4 Fighting
 * Level 6.1 Maces & Flails
 * Level 5.6 Armour
 + Level 0.2 Dodging
 + Level 0.3 Stealth
 * Level 5.0 Shields


You had 6 spell levels left.
You didn't know any spells.
Your spell library was empty.

Dungeon Overview and Level Annotations

Branches:
Dungeon (5/15)
 Temple: D:4-7

Altars:
Ashenzari
Elyvilon
Gozag
Sif Muna
Yredelemnul

Shops:
D:2 (*


Innate Abilities, Weirdness & Mutations

You have a pair of horns on your head.
You reflexively headbutt those who attack you in melee.


Message History

There is a stone staircase leading up here.
A scorpion and Menkaure come into view.
Menkaure shouts!
Menkaure calls on the powers of darkness!
The scorpion convulses!
Your body is wracked with pain!
You thump the scorpion!
The scorpion is almost dead.
You block the scorpion's attack.
You hit the scorpion but do no damage.
The scorpion is almost dead.
You block the scorpion's attack.
You hit the scorpion but do no damage.
The scorpion is almost dead.
The scorpion stings you but does no damage.
You block Menkaure's attack. The scorpion stings you.
You closely miss the scorpion.
You headbutt the scorpion, but do no damage.
The scorpion is almost dead.
The scorpion stings you. Menkaure hits you!
You are too injured to fight recklessly!
You are too injured to fight recklessly!
You feel better.
The scorpion stings you but does no damage.
Menkaure gestures wildly while chanting.
Menkaure seems to speed up.
You feel very mighty all of a sudden. The scorpion stings you.
You are poisoned.
The scorpion poisons you! Menkaure hits you but does no damage.
You thump Menkaure! You headbutt Menkaure!
Menkaure is almost destroyed.
* * * LOW HITPOINT WARNING * * *
You feel extremely sick. You block Menkaure's attack. The scorpion stings you.
* * * LOW HITPOINT WARNING * * *
You are lethally poisoned!
The scorpion poisons you!
You sock Menkaure!
You destroy Menkaure!
You die...

.... ....#####
........# ........#
........#
.......<#####
....####..#.#######
. #....#.........
#....#.@.......
#....##s..##..#
#....##...#
#....##....+
#....##...##
..........# #...#
#...#


You could see a scorpion.

Vanquished Creatures
  Grinder (D:3)
  Menkaure (D:5)
  A water moccasin (D:4)
  An orc priest (D:3)
  A hound (D:4)
  A worker ant (D:4)
  A hound zombie (D:4)
  A worker ant zombie (D:4)
  A howler monkey skeleton (D:4)
  2 adders
  3 adder zombies (D:4)
  A worm (D:2)
  A dart slug (D:2)
  6 orcs
  7 bats
  12 endoplasms
  4 giant cockroaches
  8 goblins
  9 hobgoblins
  8 jackals (D:1)
  3 quokkas
  9 ball pythons
  4 frilled lizards
  9 kobolds
  7 rats
102 creatures vanquished.

Notes
Turn   | Place    | Note
-------+----------+-------------------------------------------
     0 | D:1      | Grognak the Minotaur Fighter began the quest for the Orb.
     0 | D:1      | Reached XP level 1. HP: 19/19 MP: 0/0
   169 | D:1      | Reached XP level 2. HP: 27/27 MP: 1/1
   656 | D:1      | Reached XP level 3. HP: 17/33 MP: 2/2
  1177 | D:2      | Reached skill level 3 in Maces & Flails
  1472 | D:2      | Found Nujonn's Weapon Boutique.
  1488 | D:2      | Reached XP level 4. HP: 41/41 MP: 3/3
  1531 | D:2      | Found an opulent altar of Gozag.
  1532 | D:2      | Found Gozag's Platinum Reserve.
  1691 | D:2      | Found a shimmering blue altar of Sif Muna.
  2261 | D:3      | Noticed Grinder
  2264 | D:3      | Paralysed by Grinder for 6 turns
  2281 | D:3      | Killed Grinder
  2282 | D:3      | Reached skill level 5 in Maces & Flails
  2282 | D:3      | Reached skill level 5 in Armour
  2282 | D:3      | Reached XP level 5. HP: 47/47 MP: 4/4
  2282 | D:3      | Reached XP level 6. HP: 55/55 MP: 5/5
  2719 | D:4      | Reached skill level 5 in Fighting
  3023 | D:4      | Found a broken altar of Ashenzari.
  3106 | D:4      | Noticed a water moccasin
  3116 | D:4      | Killed a water moccasin
  3117 | D:4      | Reached skill level 6 in Maces & Flails
  3117 | D:4      | Reached skill level 5 in Shields
  3498 | D:4      | Reached XP level 7. HP: 58/61 MP: 6/6
  3533 | D:4      | Found a basalt altar of Yredelemnul.
  3723 | D:4      | Found a white marble altar of Elyvilon.
  3830 | D:5      | Entered Level 5 of the Dungeon
  3832 | D:5      | Noticed Menkaure
  3842 | D:5      | Killed Menkaure
  3842 | D:5      | Succumbed to a scorpion's poison

Illustrated notes

Levels and vault maps discovered:
D:1:      amcnicky_arrival_single_pillar, layout_loops_ring
D:2:      layout_loops_ring, nicolae_gozag_zags_fifth_avenue,
          nicolae_overflow_hidden_temple, nicolae_sif_muna_little_library,
          serial_shops, shop
D:3:      minmay_inner_zag, layout_loops_ring, uniq_grinder
D:4:      layout_loops_ring, cheibrodos_ashenzari_chains,
          nicolae_yredelemnul_corpse_copse, marbit_many_paths
D:5:      layout_gridville, uniq_menkaure, uniq_pikel, uniq_blork_the_orc,
          uniq_sigmund

Skill      XL: |  1  2  3  4  5  6 |
---------------+-------------------+-----
Armour         | 4 5 |  5.6
Fighting       | 4 5 |  5.4
Shields        | 4 5 |  5.0
Maces & Flails | 3 5 6 |  6.1
Dodging        | |  0.2
Stealth        | |  0.3

Action                   |  1- 3 |  4- 6 |  7- 9 || total
-------------------------+-------+-------+-------++-------
Melee: Flail             |   126 |   117 |    30 ||   273
       Headbutt          |    15 |    22 |     5 ||    42
  Use: Potion            |     2 |     4 |     2 ||     8
       Scroll            |     1 |     4 |       ||     5
Armor: Scale mail        |    65 |       |       ||    65
       Chain mail        |     9 |    44 |    12 ||    65
Dodge: Dodged            |    55 |    18 |     6 ||    79
Block: Kite shield       |    80 |    64 |    19 ||   163

Table legend: (Time is in decaauts)
 A = Elapsed time spent in this place.
 B = Non-inter-level travel time spent in this place.
 C = Inter-level travel time spent in this place.
 D = Time resting spent in this place.
 E = Time spent auto-exploring this place.
 F = Levels seen in this place.
 G = Mean time per level.
                   A        B        C        D        E       F      G
               +--------+--------+--------+--------+--------+-----+--------+
         Total |   3968 |   3876 |     92 |     32 |   3008 |   5 |  793.6 |
       Dungeon |   3968 |   3876 |     92 |     32 |   3008 |   5 |  793.6 |
               +--------+--------+--------+--------+--------+-----+--------+

Top non-repeatable levels by time:
     D:4: 1145 daAuts
     D:1: 1117 daAuts
     D:3: 927 daAuts
     D:2: 765 daAuts
     D:5: 13 daAuts
